2628 views
Uploaded 2022-05-05 00:53:24
Game version 1.32.10
29:45 long 4on4 ladder game on (8)Battleground_LV
Saved by GIGA
2628 views
Uploaded 2022-05-05 00:53:24
Game version 1.32.10
29:45 long 4on4 ladder game on (8)Battleground_LV


224 units @ 29.4k
/ 5.2k
107 buildings @ 14.1k
/ 6.5k

| Lesser Clarity Potion | 5 | 350 |
| Potion of Healing | 6 | 900 |
| Potion of Mana | 3 | 600 |
| Scroll of Town Portal | 2 | 700 |
| Potion of Lesser Invulnerability | 1 | 150 |
| total: | 17 | 2700g |
| Peasant | 30 | 2250 | / | 0 |
| Footman | 3 | 405 | / | 0 |
| Mortar Team | 14 | 2520 | / | 980 |
| Sorceress | 1 | 155 | / | 20 |
| Priest | 4 | 540 | / | 40 |
| Siege Engine | 7 | 1365 | / | 420 |
| Knight | 8 | 1960 | / | 480 |
| Forest Troll Shadow Priest | 1 | 195 | / | 10 |
| total: | 68 | 9390g | / | 1950w |
| Scout Tower | 9 | 270 | / | 180 |
| Guard Tower | 7 | 490 | / | 350 |
| Arcane Tower | 2 | 140 | / | 100 |
| Farm | 13 | 1040 | / | 260 |
| Altar of Kings | 1 | 180 | / | 50 |
| Lumber Mill | 1 | 120 | / | 0 |
| Barracks | 2 | 320 | / | 120 |
| Arcane Vault | 1 | 130 | / | 30 |
| Blacksmith | 1 | 140 | / | 60 |
| Town Hall | 2 | 770 | / | 410 |
| Workshop | 4 | 560 | / | 560 |
| Arcane Sanctum | 1 | 150 | / | 140 |
| Keep | 1 | 320 | / | 210 |
| Castle | 1 | 360 | / | 210 |
| Moon Well | 2 | 360 | / | 80 |
| total: | 37 | 4040g | / | 1890w |
| 0:05 | Peasant |
| 0:05 | Peasant |
| 0:05 | Peasant |
| 0:05 | Peasant |
| 0:05 | Peasant |
| 0:27 | Farm |
| 0:37 | Altar of Kings |
| 0:39 | Peasant |
| 0:39 | Peasant |
| 1:42 | Farm |
| 1:54 | Lumber Mill |
| 2:01 | Peasant |
| 2:01 | Peasant |
| 2:02 | Peasant |
| 2:14 | Farm |
| 2:23 | Barracks |
| 2:29 | Improved Lumber Harvesting |
| 2:43 | Summon Water Elemental |
| 2:47 | Keep |
| 2:53 | Arcane Vault |
| 3:22 | Blacksmith |
| 3:25 | Footman |
| 3:31 | Farm |
| 3:55 | Footman |
| 4:01 | Scout Tower |
| 4:04 | Improved Masonry |
| 4:14 | Scout Tower |
| 4:16 | Lesser Clarity Potion |
| 4:22 | Lesser Clarity Potion |
| 4:36 | Guard Tower |
| 4:39 | Scout Tower |
| 4:46 | Guard Tower |
| 4:50 | Farm |
| 4:53 | Footman |
| 5:09 | Arcane Tower |
| 5:14 | Workshop |
| 5:17 | Workshop |
| 5:29 | Workshop |
| 5:35 | Arcane Sanctum |
| 5:58 | Blizzard |
| 6:11 | Potion of Healing |
| 6:12 | Lesser Clarity Potion |
| 6:16 | Mortar Team |
| 6:18 | Mortar Team |
| 6:33 | Mortar Team |
| 7:32 | Sorceress |
| 7:34 | Priest |
| 7:34 | Priest Adept Training |
| 8:04 | Flare |
| 8:04 | Mortar Team |
| 8:14 | Summon Water Elemental |
| 8:29 | Town Hall |
| 8:34 | Advanced Lumber Harvesting |
| 8:44 | Farm |
| 8:58 | Potion of Mana |
| 8:59 | Potion of Healing |
| 10:07 | Mortar Team |
| 10:16 | Potion of Lesser Invulnerability |
| 11:01 | Barracks |
| 11:03 | Castle |
| 11:05 | Mortar Team |
| 11:08 | Priest |
| 11:09 | Magic Sentry |
| 11:29 | Mortar Team |
| 12:24 | Scout Tower |
| 12:26 | Advanced Masonry |
| 12:29 | Scout Tower |
| 12:59 | Guard Tower |
| 13:05 | Guard Tower |
| 13:10 | Farm |
| 13:15 | Mortar Team |
| 14:04 | Blizzard |
| 14:16 | Farm |
| 14:17 | Animal War Training |
| 14:26 | Town Hall |
| 15:36 | Fragmentation Shards |
| 15:43 | Imbued Masonry |
| 16:30 | Siege Engine |
| 16:40 | Scout Tower |
| 16:46 | Peasant |
| 16:46 | Peasant |
| 16:58 | Peasant |
| 16:58 | Peasant |
| 16:59 | Peasant |
| 16:59 | Peasant |
| 16:59 | Peasant |
| 16:59 | Peasant |
| 17:25 | Peasant |
| 17:25 | Peasant |
| 17:25 | Peasant |
| 17:26 | Peasant |
| 17:43 | Peasant |
| 17:43 | Peasant |
| 17:43 | Peasant |
| 17:46 | Arcane Tower |
| 17:54 | Lesser Clarity Potion |
| 17:55 | Potion of Healing |
| 17:59 | Scroll of Town Portal |
| 18:07 | Barrage |
| 18:51 | Siege Engine |
| 18:53 | Siege Engine |
| 18:56 | Peasant |
| 18:56 | Peasant |
| 18:56 | Peasant |
| 19:22 | Peasant |
| 19:22 | Peasant |
| 19:54 | Mortar Team |
| 20:18 | Forest Troll Shadow Priest |
| 20:40 | Mortar Team |
| 20:44 | Scout Tower |
| 20:46 | Scout Tower |
| 20:50 | Priest Master Training |
| 21:47 | Mortar Team |
| 21:47 | Mortar Team |
| 22:08 | Moon Well |
| 22:10 | Searing Arrows |
| 22:29 | Siege Engine |
| 22:32 | Knight |
| 22:33 | Knight |
| 22:40 | Guard Tower |
| 22:53 | Guard Tower |
| 23:09 | Siege Engine |
| 23:22 | Scout Tower |
| 23:37 | Guard Tower |
| 23:39 | Farm |
| 23:50 | Potion of Healing |
| 23:51 | Potion of Mana |
| 23:51 | Potion of Mana |
| 24:00 | Moon Well |
| 24:07 | Farm |
| 24:15 | Knight |
| 24:45 | Farm |
| 24:52 | Knight |
| 25:18 | Farm |
| 25:19 | Farm |
| 25:48 | Blizzard |
| 26:09 | Mortar Team |
| 26:10 | Mortar Team |
| 26:27 | Knight |
| 26:27 | Knight |
| 26:43 | Priest |
| 26:43 | Priest |
| 26:58 | Workshop |
| 27:07 | Potion of Healing |
| 27:08 | Lesser Clarity Potion |
| 27:11 | Scroll of Town Portal |
| 27:17 | Siege Engine |
| 28:10 | Knight |
| 28:16 | Siege Engine |
| 28:45 | Knight |
| 29:09 | Potion of Healing |
| Right click | 684 |
| Select | 331 |
| Build/train/purchase | 163 |
| Assign group | 31 |
| Use ability | 29 |
| Chat | 27 |
| Misc. action | 20 |
| Select group | 15 |
| Item give/drop | 3 |
| Minimap ping | 3 |


| Peon | 8 | 600 | / | 0 |
| Kodo Beast | 4 | 1020 | / | 240 |
| Shaman | 12 | 1560 | / | 240 |
| Tauren | 5 | 1400 | / | 400 |
| Siege Engine | 7 | 1365 | / | 420 |
| total: | 36 | 5945g | / | 1300w |
| Orc Burrow | 8 | 1280 | / | 320 |
| Altar of Storms | 1 | 180 | / | 50 |
| War Mill | 1 | 205 | / | 0 |
| Great Hall | 2 | 770 | / | 370 |
| Spirit Lodge | 1 | 150 | / | 150 |
| Tauren Totem | 1 | 135 | / | 155 |
| Beastiary | 1 | 145 | / | 140 |
| Stronghold | 1 | 315 | / | 190 |
| Fortress | 1 | 325 | / | 190 |
| total: | 15 | 2865g | / | 1185w |
| 0:05 | Peon |
| 0:05 | Peon |
| 0:06 | Peon |
| 0:06 | Peon |
| 0:06 | Peon |
| 0:08 | Peon |
| 0:22 | Orc Burrow |
| 0:45 | Altar of Storms |
| 1:11 | Peon |
| 1:12 | Peon |
| 2:06 | Stronghold |
| 2:32 | War Mill |
| 2:45 | Orc Burrow |
| 2:54 | Orc Burrow |
| 2:58 | Endurance Aura |
| 3:52 | Orc Burrow |
| 4:01 | Steel Melee Weapons |
| 4:01 | Steel Armor |
| 4:02 | Spiked Barricades |
| 4:27 | Fortress |
| 4:38 | Spirit Lodge |
| 4:53 | Tauren Totem |
| 5:33 | Beastiary |
| 6:10 | Shaman Adept Training |
| 6:34 | Orc Burrow |
| 6:42 | Orc Burrow |
| 7:03 | Healing Wave |
| 7:11 | Shaman Master Training |
| 7:21 | Kodo Beast |
| 7:26 | Shaman |
| 7:28 | Shaman |
| 7:48 | Tauren |
| 8:57 | Shaman |
| 8:59 | Tauren |
| 9:02 | War Drums Damage Increase |
| 9:03 | Kodo Beast |
| 9:06 | Tauren |
| 10:47 | Kodo Beast |
| 10:51 | Pulverize |
| 10:52 | Tauren |
| 10:54 | Shaman |
| 10:55 | Shaman |
| 11:19 | War Stomp |
| 12:11 | Serpent Ward |
| 12:54 | Tauren |
| 13:08 | Great Hall |
| 13:15 | Orc Burrow |
| 13:19 | Orc Burrow |
| 16:40 | Kodo Beast |
| 16:42 | Shaman |
| 16:42 | Shaman |
| 16:42 | Shaman |
| 16:42 | Shaman |
| 16:42 | Shaman |
| 16:43 | Shaman |
| 16:43 | Shaman |
| 18:34 | Great Hall |
| 21:52 | Endurance Aura |
| 23:14 | Siege Engine |
| 23:14 | Siege Engine |
| 23:15 | Siege Engine |
| 23:15 | Siege Engine |
| 23:15 | Siege Engine |
| 23:15 | Siege Engine |
| 23:15 | Siege Engine |
| Right click | 162 |
| Select | 121 |
| Build/train/purchase | 53 |
| Use ability | 14 |
| Resource trade | 12 |
| Remove unit | 3 |
| Item give/drop | 1 |


| Lesser Clarity Potion | 6 | 420 |
| Staff of Preservation | 1 | 150 |
| Dust of Appearance | 1 | 75 |
| Potion of Lesser Invulnerability | 1 | 150 |
| Boots of Speed | 1 | 250 |
| total: | 10 | 1045g |
| Wisp | 40 | 2400 | / | 0 |
| Archer | 6 | 780 | / | 60 |
| Hippogryph | 2 | 320 | / | 40 |
| Glaive Thrower | 5 | 1050 | / | 325 |
| total: | 53 | 4550g | / | 425w |
| Ancient Protector | 18 | 2430 | / | 1440 |
| Altar of Elders | 1 | 180 | / | 50 |
| Ancient of War | 2 | 300 | / | 120 |
| Moon Well | 4 | 720 | / | 160 |
| Ancient of Wonders | 2 | 180 | / | 60 |
| Hunter's Hall | 1 | 210 | / | 100 |
| Tree of Life | 1 | 340 | / | 185 |
| Ancient of Wind | 1 | 150 | / | 140 |
| Tree of Ages | 1 | 320 | / | 180 |
| Tree of Eternity | 1 | 330 | / | 200 |
| total: | 30 | 4510g | / | 2255w |
| 0:03 | Wisp |
| 0:08 | Altar of Elders |
| 0:14 | Ancient of War |
| 0:18 | Moon Well |
| 0:23 | Wisp |
| 0:23 | Wisp |
| 0:23 | Wisp |
| 0:23 | Wisp |
| 0:35 | Wisp |
| 0:43 | Wisp |
| 1:01 | Wisp |
| 1:02 | Wisp |
| 1:16 | Archer |
| 1:25 | Wisp |
| 1:26 | Wisp |
| 1:39 | Moon Well |
| 1:54 | Wisp |
| 1:54 | Wisp |
| 1:54 | Wisp |
| 2:01 | Ancient of Wonders |
| 2:12 | Force of Nature |
| 2:26 | Wisp |
| 2:27 | Wisp |
| 2:53 | Wisp |
| 2:54 | Archer |
| 2:55 | Archer |
| 3:13 | Tree of Ages |
| 3:23 | Lesser Clarity Potion |
| 3:26 | Lesser Clarity Potion |
| 3:53 | Entangling Roots |
| 4:00 | Archer |
| 4:24 | Archer |
| 5:10 | Hunter's Hall |
| 5:25 | Moon Well |
| 5:29 | Lesser Clarity Potion |
| 5:29 | Lesser Clarity Potion |
| 5:42 | Ancient of Wind |
| 5:45 | Improved Bows |
| 5:46 | Archer |
| 5:49 | Staff of Preservation |
| 5:58 | Tree of Life |
| 6:07 | Entangling Roots |
| 6:47 | Ultravision |
| 7:11 | Hippogryph |
| 8:14 | Tree of Eternity |
| 8:18 | Lesser Clarity Potion |
| 8:20 | Lesser Clarity Potion |
| 8:31 | Wisp |
| 8:31 | Wisp |
| 8:31 | Wisp |
| 8:31 | Wisp |
| 8:31 | Wisp |
| 8:39 | Ancient Protector |
| 8:42 | Ancient Protector |
| 8:52 | Hippogryph |
| 9:01 | Mana Burn |
| 9:13 | Potion of Lesser Invulnerability |
| 9:29 | Boots of Speed |
| 9:36 | Force of Nature |
| 10:18 | Vorpal Blades |
| 10:18 | Glaive Thrower |
| 10:18 | Glaive Thrower |
| 10:39 | Wisp |
| 10:39 | Wisp |
| 10:39 | Wisp |
| 10:40 | Wisp |
| 11:01 | Dust of Appearance |
| 11:28 | Well Spring |
| 11:36 | Nature's Blessing |
| 11:50 | Ancient Protector |
| 11:53 | Ancient Protector |
| 11:57 | Ancient of Wonders |
| 11:58 | Ancient Protector |
| 12:04 | Ancient Protector |
| 12:08 | Ancient Protector |
| 12:18 | Moon Well |
| 12:54 | Wisp |
| 12:54 | Wisp |
| 12:54 | Wisp |
| 12:54 | Wisp |
| 12:55 | Wisp |
| 12:55 | Wisp |
| 12:59 | Ancient Protector |
| 13:03 | Ancient Protector |
| 13:11 | Ancient Protector |
| 13:21 | Glaive Thrower |
| 14:30 | Strength of the Moon |
| 14:40 | Ancient Protector |
| 14:43 | Ancient Protector |
| 15:07 | Glaive Thrower |
| 15:09 | Wisp |
| 15:09 | Wisp |
| 15:09 | Wisp |
| 15:10 | Wisp |
| 15:16 | Ancient of War |
| 17:18 | Glaive Thrower |
| 17:26 | Strength of the Wild |
| 17:26 | Improved Strength of the Moon |
| 17:44 | Evasion |
| 17:52 | Ancient Protector |
| 17:54 | Ancient Protector |
| 17:55 | Wisp |
| 17:55 | Wisp |
| 17:55 | Wisp |
| 17:55 | Wisp |
| 17:58 | Ancient Protector |
| 18:04 | Ancient Protector |
| 20:10 | Ancient Protector |
| 20:14 | Ancient Protector |
| Right click | 767 |
| Select group | 620 |
| Select | 318 |
| Misc. action | 123 |
| Build/train/purchase | 109 |
| Use ability | 41 |
| Assign group | 27 |
| Item give/drop | 6 |
| Esc | 3 |
| Minimap ping | 3 |
| Remove unit | 1 |


| Scroll of Regeneration | 2 | 200 |
| Scroll of Healing | 2 | 500 |
| Potion of Lesser Invulnerability | 1 | 150 |
| total: | 5 | 850g |
| Peasant | 21 | 1575 | / | 0 |
| Footman | 7 | 945 | / | 0 |
| Rifleman | 8 | 1640 | / | 240 |
| Sorceress | 5 | 775 | / | 100 |
| Priest | 6 | 810 | / | 60 |
| Flying Machine | 3 | 300 | / | 90 |
| Mortar Team | 6 | 1080 | / | 420 |
| Siege Engine | 6 | 1170 | / | 360 |
| Knight | 5 | 1225 | / | 300 |
| total: | 67 | 9520g | / | 1570w |
| Scout Tower | 6 | 180 | / | 120 |
| Arcane Tower | 1 | 70 | / | 50 |
| Guard Tower | 2 | 140 | / | 100 |
| Altar of Kings | 1 | 180 | / | 50 |
| Farm | 10 | 800 | / | 200 |
| Barracks | 1 | 160 | / | 60 |
| Town Hall | 1 | 385 | / | 205 |
| Arcane Vault | 1 | 130 | / | 30 |
| Lumber Mill | 1 | 120 | / | 0 |
| Blacksmith | 1 | 140 | / | 60 |
| Arcane Sanctum | 1 | 150 | / | 140 |
| Workshop | 1 | 140 | / | 140 |
| Keep | 1 | 320 | / | 210 |
| Castle | 2 | 720 | / | 420 |
| Tree of Life | 1 | 340 | / | 185 |
| total: | 25 | 2725g | / | 1190w |
| 0:07 | Altar of Kings |
| 0:08 | Peasant |
| 0:08 | Peasant |
| 0:09 | Peasant |
| 0:20 | Farm |
| 0:28 | Barracks |
| 0:43 | Peasant |
| 0:53 | Peasant |
| 0:55 | Farm |
| 1:05 | Peasant |
| 1:21 | Peasant |
| 1:39 | Farm |
| 1:41 | Footman |
| 1:52 | Footman |
| 2:03 | Peasant |
| 2:03 | Peasant |
| 2:19 | Summon Water Elemental |
| 2:36 | Footman |
| 2:36 | Footman |
| 2:45 | Footman |
| 2:53 | Peasant |
| 2:53 | Peasant |
| 3:00 | Peasant |
| 3:35 | Town Hall |
| 4:00 | Footman |
| 4:01 | Footman |
| 4:05 | Brilliance Aura |
| 4:21 | Farm |
| 4:40 | Keep |
| 5:02 | Arcane Vault |
| 5:58 | Peasant |
| 5:59 | Peasant |
| 5:59 | Peasant |
| 5:59 | Peasant |
| 5:59 | Peasant |
| 6:18 | Scroll of Regeneration |
| 6:28 | Scout Tower |
| 6:38 | Farm |
| 7:08 | Castle |
| 7:09 | Arcane Tower |
| 7:23 | Lumber Mill |
| 7:30 | Blacksmith |
| 7:38 | Arcane Sanctum |
| 7:52 | Scout Tower |
| 8:04 | Scroll of Regeneration |
| 8:30 | Guard Tower |
| 8:33 | Improved Lumber Harvesting |
| 8:38 | Peasant |
| 8:38 | Peasant |
| 8:38 | Peasant |
| 8:38 | Peasant |
| 9:05 | Scroll of Healing |
| 9:05 | Scroll of Healing |
| 9:33 | Long Rifles |
| 9:33 | Rifleman |
| 9:34 | Rifleman |
| 9:34 | Rifleman |
| 9:34 | Rifleman |
| 10:05 | Summon Water Elemental |
| 10:09 | Breath of Fire |
| 10:48 | Farm |
| 10:50 | Rifleman |
| 10:53 | Sorceress |
| 10:53 | Sorceress |
| 10:54 | Priest |
| 10:54 | Priest |
| 10:54 | Priest |
| 10:59 | Farm |
| 11:06 | Workshop |
| 11:09 | Advanced Lumber Harvesting |
| 11:16 | Potion of Lesser Invulnerability |
| 11:37 | Farm |
| 11:38 | Black Gunpowder |
| 11:46 | Farm |
| 12:19 | Rifleman |
| 12:19 | Rifleman |
| 12:25 | Farm |
| 12:31 | Flying Machine |
| 12:53 | Flying Machine Bombs |
| 12:59 | Flak Cannons |
| 13:38 | Rifleman |
| 13:40 | Flying Machine |
| 13:41 | Flying Machine |
| 14:09 | Sorceress |
| 14:10 | Priest |
| 15:12 | Mortar Team |
| 15:13 | Mortar Team |
| 15:13 | Mortar Team |
| 15:46 | Scout Tower |
| 15:51 | Scout Tower |
| 15:54 | Scout Tower |
| 15:58 | Scout Tower |
| 16:41 | Priest |
| 16:42 | Sorceress |
| 16:42 | Priest |
| 16:42 | Sorceress |
| 17:47 | Drunken Brawler |
| 18:19 | Siege Engine |
| 18:20 | Siege Engine |
| 18:20 | Siege Engine |
| 18:26 | Knight |
| 19:06 | Priest Adept Training |
| 19:09 | Sorceress Adept Training |
| 20:36 | Knight |
| 20:37 | Knight |
| 20:37 | Knight |
| 20:37 | Knight |
| 20:42 | Siege Engine |
| 20:42 | Siege Engine |
| 20:42 | Siege Engine |
| 22:14 | Barrage |
| 22:16 | Mortar Team |
| 22:16 | Mortar Team |
| 22:17 | Mortar Team |
| 22:25 | Tree of Life |
| Select | 308 |
| Right click | 247 |
| Select group | 127 |
| Build/train/purchase | 108 |
| Assign group | 41 |
| Esc | 5 |
| Chat | 4 |
| Use ability | 3 |
| Remove unit | 2 |
| Minimap ping | 2 |
| Item give/drop | 1 |
114 units @ 11.2k
/ 1.5k
277 buildings @ 14k
/ 6.8k


x1)
| Tome of Retraining | 1 | 300 |
| total: | 1 | 300g |
| Peasant | 13 | 975 | / | 0 |
| Mortar Team | 12 | 2160 | / | 840 |
| Flying Machine | 13 | 1300 | / | 390 |
| total: | 38 | 4435g | / | 1230w |
| Scout Tower | 21 | 630 | / | 420 |
| Arcane Tower | 1 | 70 | / | 50 |
| Guard Tower | 7 | 490 | / | 350 |
| Altar of Kings | 1 | 180 | / | 50 |
| Farm | 15 | 1200 | / | 300 |
| Lumber Mill | 1 | 120 | / | 0 |
| Blacksmith | 1 | 140 | / | 60 |
| Workshop | 3 | 420 | / | 420 |
| Keep | 1 | 320 | / | 210 |
| Castle | 1 | 360 | / | 210 |
| total: | 42 | 2690g | / | 1250w |
| 0:03 | Peasant |
| 0:09 | Peasant |
| 0:19 | Altar of Kings |
| 0:20 | Peasant |
| 0:35 | Farm |
| 0:36 | Peasant |
| 0:49 | Lumber Mill |
| 0:51 | Peasant |
| 1:05 | Peasant |
| 1:08 | Farm |
| 1:14 | Peasant |
| 1:24 | Peasant |
| 1:36 | Peasant |
| 1:46 | Scout Tower |
| 1:51 | Peasant |
| 2:04 | Peasant |
| 2:07 | Improved Lumber Harvesting |
| 2:07 | Improved Masonry |
| 2:12 | Arcane Tower |
| 2:13 | Peasant |
| 2:19 | Storm Bolt |
| 2:23 | Peasant |
| 2:27 | Farm |
| 2:28 | Farm |
| 2:52 | Keep |
| 3:22 | Blacksmith |
| 3:58 | Scout Tower |
| 3:58 | Scout Tower |
| 3:59 | Scout Tower |
| 3:59 | Scout Tower |
| 4:01 | Scout Tower |
| 4:01 | Scout Tower |
| 4:02 | Scout Tower |
| 4:03 | Scout Tower |
| 4:03 | Scout Tower |
| 4:04 | Scout Tower |
| 4:30 | Guard Tower |
| 4:34 | Scout Tower |
| 4:46 | Scout Tower |
| 4:46 | Scout Tower |
| 4:47 | Scout Tower |
| 4:48 | Scout Tower |
| 4:48 | Scout Tower |
| 4:49 | Scout Tower |
| 4:51 | Scout Tower |
| 4:51 | Scout Tower |
| 4:53 | Scout Tower |
| 4:56 | Guard Tower |
| 5:01 | Black Gunpowder |
| 5:21 | Workshop |
| 5:39 | Guard Tower |
| 5:50 | Guard Tower |
| 6:01 | Guard Tower |
| 6:07 | Castle |
| 6:11 | Workshop |
| 6:17 | Workshop |
| 6:34 | Guard Tower |
| 6:36 | Guard Tower |
| 7:57 | Advanced Lumber Harvesting |
| 7:58 | Refined Gunpowder |
| 8:02 | Advanced Masonry |
| 8:08 | Mortar Team |
| 8:13 | Farm |
| 8:13 | Farm |
| 8:14 | Farm |
| 8:15 | Farm |
| 8:15 | Farm |
| 8:19 | Holy Light |
| 8:55 | Mortar Team |
| 8:57 | Flak Cannons |
| 8:57 | Flying Machine Bombs |
| 8:58 | Fragmentation Shards |
| 8:58 | Flare |
| 9:00 | Iron Plating |
| 9:17 | Farm |
| 9:18 | Farm |
| 9:18 | Farm |
| 9:20 | Farm |
| 9:21 | Farm |
| 9:22 | Farm |
| 10:59 | Imbued Masonry |
| 11:18 | Flying Machine |
| 11:18 | Flying Machine |
| 11:19 | Flying Machine |
| 11:19 | Flying Machine |
| 11:19 | Flying Machine |
| 11:19 | Flying Machine |
| 11:19 | Flying Machine |
| 11:45 | Steel Plating |
| 12:24 | Flying Machine |
| 12:25 | Flying Machine |
| 12:25 | Flying Machine |
| 12:25 | Flying Machine |
| 13:29 | Imbued Gunpowder |
| 13:30 | Mithril Plating |
| 14:14 | Mortar Team |
| 14:48 | Flying Machine |
| 14:49 | Flying Machine |
| 17:25 | Storm Bolt |
| 17:26 | Storm Bolt |
| 17:34 | Mortar Team |
| 17:36 | Mortar Team |
| 18:01 | Divine Shield |
| 22:10 | Bash |
| 22:12 | Holy Light |
| 22:13 | Holy Light |
| 23:55 | Mortar Team |
| 23:55 | Mortar Team |
| 23:55 | Mortar Team |
| 23:56 | Mortar Team |
| 23:56 | Mortar Team |
| 23:56 | Mortar Team |
| 23:56 | Mortar Team |
| 24:04 | Bash |
| 24:33 | Tome of Retraining |
| 24:33 | Retrain Hero |
| 24:39 | Thunder Clap |
| 24:39 | Thunder Clap |
| 24:41 | Storm Bolt |
| 24:42 | Storm Bolt |
| 27:08 | Divine Shield |
| Right click | 1152 |
| Select group | 248 |
| Select | 229 |
| Build/train/purchase | 85 |
| Use ability | 77 |
| Misc. action | 56 |
| Resource trade | 23 |
| Assign group | 12 |
| Minimap ping | 9 |
| Chat | 4 |
| Remove unit | 2 |
uhhwats
(11)
(29:42) : 


| Peasant | 28 | 2100 | / | 0 |
| total: | 28 | 2100g | / | 0w |
| Scout Tower | 137 | 4110 | / | 2740 |
| Arcane Tower | 3 | 210 | / | 150 |
| Guard Tower | 20 | 1400 | / | 1000 |
| Altar of Kings | 1 | 180 | / | 50 |
| Farm | 9 | 720 | / | 180 |
| Lumber Mill | 2 | 240 | / | 0 |
| Town Hall | 1 | 385 | / | 205 |
| Keep | 1 | 320 | / | 210 |
| Castle | 1 | 360 | / | 210 |
| total: | 150 | 5635g | / | 3175w |
| 0:03 | Peasant |
| 0:03 | Peasant |
| 0:09 | Altar of Kings |
| 0:17 | Farm |
| 0:19 | Scout Tower |
| 0:22 | Peasant |
| 0:49 | Peasant |
| 0:57 | Peasant |
| 0:59 | Farm |
| 1:04 | Lumber Mill |
| 1:20 | Arcane Tower |
| 1:22 | Peasant |
| 1:22 | Peasant |
| 1:22 | Peasant |
| 1:30 | Scout Tower |
| 1:31 | Scout Tower |
| 1:43 | Farm |
| 2:00 | Peasant |
| 2:07 | Farm |
| 2:15 | Farm |
| 2:18 | Scout Tower |
| 2:22 | Scout Tower |
| 2:32 | Farm |
| 2:35 | Guard Tower |
| 2:41 | Thunder Clap |
| 2:56 | Guard Tower |
| 3:04 | Guard Tower |
| 3:11 | Farm |
| 3:14 | Peasant |
| 3:14 | Peasant |
| 3:15 | Peasant |
| 3:15 | Peasant |
| 4:08 | Town Hall |
| 4:33 | Peasant |
| 4:40 | Improved Lumber Harvesting |
| 4:52 | Keep |
| 5:15 | Scout Tower |
| 5:17 | Scout Tower |
| 5:27 | Farm |
| 5:29 | Scout Tower |
| 5:30 | Scout Tower |
| 5:37 | Peasant |
| 5:46 | Peasant |
| 5:46 | Peasant |
| 5:58 | Scout Tower |
| 5:59 | Scout Tower |
| 5:59 | Scout Tower |
| 6:06 | Scout Tower |
| 6:06 | Scout Tower |
| 6:07 | Scout Tower |
| 6:08 | Scout Tower |
| 6:11 | Guard Tower |
| 6:13 | Storm Bolt |
| 6:19 | Scout Tower |
| 6:22 | Improved Masonry |
| 6:39 | Guard Tower |
| 6:46 | Guard Tower |
| 6:54 | Scout Tower |
| 6:56 | Scout Tower |
| 7:04 | Scout Tower |
| 7:09 | Guard Tower |
| 7:16 | Guard Tower |
| 7:28 | Castle |
| 7:37 | Advanced Masonry |
| 7:43 | Guard Tower |
| 8:04 | Scout Tower |
| 8:05 | Scout Tower |
| 8:06 | Scout Tower |
| 8:11 | Advanced Lumber Harvesting |
| 8:23 | Peasant |
| 8:29 | Holy Light |
| 8:36 | Farm |
| 8:39 | Guard Tower |
| 8:52 | Scout Tower |
| 8:53 | Scout Tower |
| 8:55 | Scout Tower |
| 8:56 | Scout Tower |
| 8:57 | Scout Tower |
| 8:59 | Scout Tower |
| 9:27 | Scout Tower |
| 9:28 | Scout Tower |
| 9:30 | Scout Tower |
| 9:31 | Scout Tower |
| 9:32 | Scout Tower |
| 9:33 | Scout Tower |
| 9:34 | Scout Tower |
| 9:35 | Scout Tower |
| 9:39 | Guard Tower |
| 10:42 | Imbued Masonry |
| 10:50 | Guard Tower |
| 11:01 | Peasant |
| 11:01 | Peasant |
| 11:01 | Peasant |
| 11:02 | Peasant |
| 11:02 | Peasant |
| 11:25 | Scout Tower |
| 11:26 | Scout Tower |
| 11:27 | Scout Tower |
| 11:28 | Scout Tower |
| 11:31 | Scout Tower |
| 11:32 | Scout Tower |
| 11:33 | Scout Tower |
| 12:01 | Guard Tower |
| 12:13 | Lumber Mill |
| 12:37 | Guard Tower |
| 13:21 | Guard Tower |
| 13:39 | Scout Tower |
| 13:40 | Scout Tower |
| 13:41 | Scout Tower |
| 13:42 | Scout Tower |
| 13:45 | Scout Tower |
| 13:46 | Scout Tower |
| 13:47 | Scout Tower |
| 13:48 | Scout Tower |
| 14:03 | Brilliance Aura |
| 14:25 | Guard Tower |
| 14:29 | Scout Tower |
| 14:58 | Scout Tower |
| 14:59 | Scout Tower |
| 17:49 | Divine Shield |
| 18:03 | Peasant |
| 18:03 | Peasant |
| 18:03 | Peasant |
| 18:03 | Peasant |
| 18:04 | Peasant |
| 18:16 | Guard Tower |
| 23:26 | Scout Tower |
| 23:26 | Scout Tower |
| 23:27 | Scout Tower |
| 23:27 | Scout Tower |
| 23:28 | Scout Tower |
| 23:28 | Scout Tower |
| 23:29 | Scout Tower |
| 23:29 | Scout Tower |
| 23:30 | Scout Tower |
| 23:32 | Scout Tower |
| 23:32 | Scout Tower |
| 23:33 | Scout Tower |
| 23:34 | Scout Tower |
| 23:34 | Scout Tower |
| 23:35 | Scout Tower |
| 23:35 | Scout Tower |
| 23:36 | Scout Tower |
| 23:36 | Scout Tower |
| 23:37 | Scout Tower |
| 23:37 | Scout Tower |
| 23:37 | Scout Tower |
| 23:40 | Scout Tower |
| 23:41 | Scout Tower |
| 23:42 | Scout Tower |
| 23:42 | Scout Tower |
| 23:43 | Scout Tower |
| 23:44 | Scout Tower |
| 23:45 | Scout Tower |
| 23:46 | Scout Tower |
| 23:46 | Scout Tower |
| 23:47 | Scout Tower |
| 23:48 | Scout Tower |
| 23:48 | Scout Tower |
| 23:49 | Scout Tower |
| 23:51 | Scout Tower |
| 23:51 | Scout Tower |
| 23:52 | Scout Tower |
| 23:53 | Scout Tower |
| 23:54 | Scout Tower |
| 24:27 | Scout Tower |
| 24:27 | Scout Tower |
| 24:27 | Scout Tower |
| 24:28 | Scout Tower |
| 24:28 | Scout Tower |
| 24:29 | Scout Tower |
| 24:30 | Scout Tower |
| 24:30 | Scout Tower |
| 24:55 | Arcane Tower |
| 24:58 | Guard Tower |
| 25:15 | Guard Tower |
| 25:31 | Arcane Tower |
| 26:36 | Scout Tower |
| 26:37 | Scout Tower |
| 26:38 | Scout Tower |
| 26:38 | Scout Tower |
| 26:39 | Scout Tower |
| 26:39 | Scout Tower |
| 26:40 | Scout Tower |
| 26:41 | Scout Tower |
| 26:42 | Scout Tower |
| 26:43 | Scout Tower |
| 26:57 | Divine Shield |
| 27:16 | Guard Tower |
| 27:39 | Scout Tower |
| 27:39 | Scout Tower |
| 27:40 | Scout Tower |
| 27:41 | Scout Tower |
| 27:42 | Scout Tower |
| 27:43 | Scout Tower |
| 27:44 | Scout Tower |
| 27:45 | Scout Tower |
| 27:46 | Scout Tower |
| 27:47 | Scout Tower |
| 27:48 | Scout Tower |
| 27:49 | Scout Tower |
| 27:50 | Scout Tower |
| 27:51 | Scout Tower |
| 27:51 | Scout Tower |
| 27:52 | Scout Tower |
| 29:37 | Scout Tower |
| 29:38 | Scout Tower |
| 29:38 | Scout Tower |
| 29:38 | Scout Tower |
| 29:39 | Scout Tower |
| 29:40 | Scout Tower |
| 29:41 | Scout Tower |
| 29:41 | Scout Tower |
| 29:42 | Scout Tower |
| Right click | 1410 |
| Select | 299 |
| Build/train/purchase | 73 |
| Resource trade | 66 |
| Select group | 65 |
| Assign group | 10 |
| Minimap ping | 9 |
| Use ability | 8 |
| Esc | 4 |
| Misc. action | 3 |
| Remove unit | 1 |


| Peasant | 16 | 1200 | / | 0 |
| Dragonhawk Rider | 6 | 1200 | / | 180 |
| total: | 22 | 2400g | / | 180w |
| Scout Tower | 54 | 1620 | / | 1080 |
| Guard Tower | 14 | 980 | / | 700 |
| Arcane Tower | 7 | 490 | / | 350 |
| Altar of Kings | 2 | 360 | / | 100 |
| Farm | 12 | 960 | / | 240 |
| Lumber Mill | 2 | 240 | / | 0 |
| Arcane Vault | 2 | 260 | / | 60 |
| Gryphon Aviary | 1 | 140 | / | 150 |
| Keep | 1 | 320 | / | 210 |
| Castle | 1 | 360 | / | 210 |
| total: | 73 | 3580g | / | 1630w |
| 0:03 | Peasant |
| 0:03 | Peasant |
| 0:10 | Altar of Kings |
| 0:18 | Farm |
| 0:33 | Lumber Mill |
| 0:36 | Peasant |
| 0:36 | Peasant |
| 0:36 | Peasant |
| 0:45 | Farm |
| 0:48 | Peasant |
| 1:03 | Peasant |
| 1:27 | Farm |
| 1:31 | Peasant |
| 1:42 | Scout Tower |
| 1:48 | Scout Tower |
| 1:53 | Improved Lumber Harvesting |
| 1:56 | Farm |
| 2:04 | Peasant |
| 2:04 | Peasant |
| 2:10 | Guard Tower |
| 2:13 | Scout Tower |
| 2:16 | Scout Tower |
| 2:18 | Peasant |
| 2:19 | Peasant |
| 2:35 | Storm Bolt |
| 2:52 | Peasant |
| 2:53 | Peasant |
| 2:53 | Peasant |
| 2:53 | Peasant |
| 2:55 | Guard Tower |
| 3:01 | Scout Tower |
| 3:10 | Scout Tower |
| 3:39 | Arcane Tower |
| 3:41 | Guard Tower |
| 3:44 | Guard Tower |
| 3:50 | Scout Tower |
| 3:51 | Scout Tower |
| 4:07 | Keep |
| 4:34 | Guard Tower |
| 4:36 | Improved Masonry |
| 4:58 | Guard Tower |
| 5:00 | Scout Tower |
| 5:01 | Scout Tower |
| 5:06 | Scout Tower |
| 5:37 | Guard Tower |
| 6:16 | Bash |
| 6:23 | Guard Tower |
| 6:29 | Castle |
| 6:46 | Advanced Masonry |
| 6:54 | Scout Tower |
| 6:54 | Scout Tower |
| 6:55 | Scout Tower |
| 6:59 | Scout Tower |
| 7:00 | Scout Tower |
| 7:30 | Arcane Tower |
| 7:32 | Scout Tower |
| 7:40 | Holy Light |
| 8:01 | Guard Tower |
| 8:04 | Scout Tower |
| 8:05 | Scout Tower |
| 8:07 | Scout Tower |
| 8:08 | Scout Tower |
| 8:08 | Scout Tower |
| 8:09 | Scout Tower |
| 8:11 | Scout Tower |
| 8:12 | Scout Tower |
| 8:12 | Scout Tower |
| 8:13 | Scout Tower |
| 8:14 | Scout Tower |
| 8:15 | Scout Tower |
| 8:16 | Scout Tower |
| 8:17 | Scout Tower |
| 8:19 | Scout Tower |
| 8:20 | Scout Tower |
| 8:21 | Scout Tower |
| 8:22 | Scout Tower |
| 8:41 | Bash |
| 9:00 | Arcane Vault |
| 9:40 | Arcane Tower |
| 9:42 | Guard Tower |
| 9:44 | Guard Tower |
| 10:16 | Guard Tower |
| 10:42 | Scout Tower |
| 11:16 | Imbued Masonry |
| 11:22 | Gryphon Aviary |
| 11:27 | Farm |
| 11:28 | Farm |
| 11:43 | Arcane Tower |
| 11:57 | Guard Tower |
| 13:05 | Guard Tower |
| 13:29 | Lumber Mill |
| 13:38 | Dragonhawk Rider |
| 13:40 | Cloud |
| 13:40 | Dragonhawk Rider |
| 13:40 | Dragonhawk Rider |
| 13:53 | Scout Tower |
| 13:54 | Scout Tower |
| 13:55 | Scout Tower |
| 13:57 | Scout Tower |
| 13:58 | Scout Tower |
| 13:59 | Scout Tower |
| 14:00 | Scout Tower |
| 14:01 | Scout Tower |
| 14:04 | Scout Tower |
| 14:06 | Scout Tower |
| 14:06 | Scout Tower |
| 14:07 | Scout Tower |
| 14:08 | Scout Tower |
| 14:09 | Scout Tower |
| 14:11 | Scout Tower |
| 14:12 | Scout Tower |
| 14:13 | Scout Tower |
| 14:13 | Scout Tower |
| 14:47 | Farm |
| 14:48 | Farm |
| 14:52 | Farm |
| 15:06 | Farm |
| 15:36 | Arcane Vault |
| 15:46 | Arcane Tower |
| 15:56 | Altar of Kings |
| 16:58 | Arcane Tower |
| 18:18 | Dragonhawk Rider |
| 18:18 | Dragonhawk Rider |
| 18:18 | Dragonhawk Rider |
| 18:31 | Farm |
| 18:31 | Farm |
| 18:58 | Arcane Tower |
| 20:21 | Divine Shield |
| 20:23 | Storm Bolt |
| 24:53 | Bash |
| 24:57 | Holy Light |
| 29:23 | Devotion Aura |
| 29:30 | Thunder Clap |
| Right click | 1246 |
| Select group | 1121 |
| Select | 283 |
| Build/train/purchase | 71 |
| Chat | 45 |
| Resource trade | 29 |
| Minimap ping | 24 |
| Assign group | 15 |
| Use ability | 14 |
| Esc | 1 |
Cabeelibob
(194)
(29:37) : 
| Healing Salve | 3 | 300 |
| Lesser Clarity Potion | 3 | 210 |
| Orb of Lightning | 1 | 375 |
| Tiny Great Hall | 1 | 600 |
| Potion of Mana | 1 | 200 |
| Scroll of Town Portal | 1 | 350 |
| Boots of Speed | 1 | 250 |
| Staff of Teleportation | 1 | 150 |
| total: | 12 | 2435g |
| Peon | 22 | 1650 | / | 0 |
| Troll Witch Doctor | 4 | 580 | / | 100 |
| total: | 26 | 2230g | / | 100w |
| Watch Tower | 1 | 110 | / | 80 |
| Altar of Storms | 2 | 360 | / | 100 |
| Orc Burrow | 4 | 640 | / | 160 |
| War Mill | 1 | 205 | / | 0 |
| Voodoo Lounge | 2 | 260 | / | 60 |
| Great Hall | 1 | 385 | / | 185 |
| Spirit Lodge | 1 | 150 | / | 150 |
| Stronghold | 1 | 315 | / | 190 |
| Fortress | 1 | 325 | / | 190 |
| total: | 12 | 2110g | / | 735w |
| 0:07 | Altar of Storms |
| 0:10 | Peon |
| 0:13 | Orc Burrow |
| 0:15 | Peon |
| 0:25 | Peon |
| 0:34 | Peon |
| 1:04 | War Mill |
| 1:07 | Orc Burrow |
| 1:22 | Peon |
| 1:23 | Peon |
| 1:38 | Peon |
| 1:52 | Voodoo Lounge |
| 1:53 | Peon |
| 2:04 | Peon |
| 2:14 | Wind Walk |
| 2:43 | Peon |
| 2:43 | Peon |
| 4:30 | Peon |
| 4:30 | Peon |
| 4:49 | Peon |
| 4:49 | Peon |
| 4:54 | Voodoo Lounge |
| 4:57 | Healing Salve |
| 6:20 | Critical Strike |
| 7:09 | Healing Salve |
| 8:09 | Peon |
| 8:09 | Peon |
| 9:07 | Great Hall |
| 9:50 | Spiked Barricades |
| 10:09 | Orc Burrow |
| 11:11 | Boots of Speed |
| 11:12 | Staff of Teleportation |
| 11:30 | Watch Tower |
| 11:43 | Stronghold |
| 12:09 | Scroll of Town Portal |
| 13:01 | Lesser Clarity Potion |
| 13:04 | Healing Salve |
| 14:09 | Altar of Storms |
| 14:35 | Spirit Lodge |
| 14:53 | Critical Strike |
| 15:24 | Fortress |
| 16:07 | Witch Doctor Adept Training |
| 16:58 | Wind Walk |
| 17:49 | Witch Doctor Master Training |
| 17:50 | Troll Witch Doctor |
| 17:50 | Troll Witch Doctor |
| 18:02 | Orc Burrow |
| 18:04 | Troll Witch Doctor |
| 18:05 | Troll Witch Doctor |
| 18:17 | Lesser Clarity Potion |
| 18:19 | Orb of Lightning |
| 19:16 | Tiny Great Hall |
| 21:09 | Peon |
| 21:09 | Peon |
| 21:10 | Peon |
| 21:10 | Peon |
| 21:11 | Peon |
| 23:28 | Critical Strike |
| 25:42 | Bladestorm |
| 27:21 | Potion of Mana |
| 27:23 | Lesser Clarity Potion |
| 29:37 | Wind Walk |
| Right click | 840 |
| Select | 194 |
| Select group | 122 |
| Misc. action | 116 |
| Build/train/purchase | 98 |
| Chat | 96 |
| Resource trade | 47 |
| Use ability | 22 |
| Item give/drop | 9 |
| Minimap ping | 4 |
| Assign group | 2 |
⇛